 Dungeon Crawl Stone Soup version 0.22.1-2-g9c5b331 (webtiles) character file.

51 TheAlmogaver the Magician (level 3, 0/25 HPs)
             Began as a Gnoll Wizard on Dec 12, 2018.
             Slain by a gnoll
             ... wielding a +0 spear
              (5 damage)
             ... on level 1 of the Dungeon.
             The game lasted 00:08:28 (1334 turns).

TheAlmogaver the Magician (Gnoll Wizard)            Turns: 1334, Time: 00:08:29

Health: 0/25       AC:  2    Str:  9    XL:     3   Next: 83%
Magic:  10/11      EV: 14    Int: 21    God:
Gold:   25         SH:  0    Dex: 13    Spells: 15/16 levels left

rFire    . . .     SeeInvis +   c - -1 mace
rCold    . . .     Gourm    .   (no shield)
rNeg     . . .     Faith    .   a - +0 robe
rPois    .         Spirit   .   b - +0 hat
rElec    .         Reflect  .   (no cloak)
rCorr    .         Harm     .   (no gloves)
MR       .....                  (no boots)
Stlth    +++.......             (no amulet)
HPRegen  0.08/turn              g - ring of see invisible
MPRegen  0.12/turn              (no ring)

@: about to teleport
A: distributed training, fangs 1, strong nose
a: no special abilities


You were on level 1 of the Dungeon.
You were not hungry.

You visited 1 branch of the dungeon, and saw 2 of its levels.

You collected 25 gold pieces.

Inventory:

Hand Weapons
 c - a -1 mace (weapon)
 e - a +0 short sword
Armour
 a - a +0 robe (worn)
 b - a +0 hat (worn)
Jewellery
 g - a ring of see invisible (left hand)
Scrolls
 f - a scroll of teleportation
Comestibles
 d - 3 rations
 h - 2 chunks of flesh


   Skills:
 + Level 0.9 Fighting
 + Level 0.9 Short Blades
 + Level 0.9 Long Blades
 + Level 0.9 Axes
 + Level 0.9 Maces & Flails
 + Level 0.9 Polearms
 + Level 0.9 Staves
 + Level 0.9 Slings
 + Level 0.9 Bows
 + Level 0.9 Crossbows
 + Level 0.9 Throwing
 + Level 0.9 Armour
 + Level 4.5 Dodging
 + Level 4.2 Stealth
 + Level 0.9 Shields
 + Level 0.9 Unarmed Combat
 + Level 7.1 Spellcasting
 + Level 2.1 Conjurations
 + Level 0.6 Hexes
 + Level 0.6 Charms
 + Level 2.1 Summonings
 + Level 0.6 Necromancy
 + Level 2.1 Translocations
 + Level 0.6 Transmutations
 + Level 0.6 Fire Magic
 + Level 0.6 Ice Magic
 + Level 0.6 Air Magic
 + Level 0.6 Earth Magic
 + Level 0.6 Poison Magic
 + Level 1.0 Invocations
 + Level 0.9 Evocations


You had 15 spell levels left.
You knew the following spells:

 Your Spells              Type           Power        Failure   Level  Hunger
a - Magic Dart            Conj           ###.         3%          1    None

Your spell library contained the following spells:

 Spells                   Type           Power        Failure   Level  Hunger
 Blink                    Tloc           N/A          5%          2    None
 Call Imp                 Summ           ###.....     5%          2    None
 Slow                     Hex            ##......     10%         2    None
 Conjure Flame            Conj/Fire      ##......     14%         3    None
 Mephitic Cloud           Conj/Pois/Air  ##......     16%         3    None


Dungeon Overview and Level Annotations

Branches:
Dungeon (2/15)

Altars:


Innate Abilities, Weirdness & Mutations

Your experience applies equally to all skills.
You have very sharp teeth.
Your uncanny sense of smell can sniff out nearby items.


Message History

A goblin comes into view.
There is a stone staircase leading up here.
The gnoll hits you with a spear. The gnoll hits you with a club.
You climb upwards.
There is a stone staircase leading down here.
Casting: Magic Dart (safe; 3% risk of failure)
Confirm with . or Enter, or press ? or * to list all spells.
Aiming: Magic Dart (safe; 3% risk of failure)
Press: ? - help, Shift-Dir - straight line, f - gnoll
Aim: a gnoll, wielding a club The magic dart hits the gnoll.
The gnoll is moderately wounded.
The gnoll hits you with a spear!
* * * LOW HITPOINT WARNING * * *
The gnoll barely misses you.
As you read the scroll of teleportation, it crumbles to dust.
You feel strangely unstable. The gnoll barely misses you.
The gnoll closely misses you.
The gnoll hits you from afar with a spear.
You die...

####.####.####.###...#######.....
.##...##...##...####.#...........
.##.⌠.##.⌠.##.⌠.# ##.#......##..#
.##...##...##...###..#......##...
####.####.####.##...##......##...
..................####.....)##...
######.############ #......##...
#.....###########...........
##.........@>g....###.......
#...........g..............
########.........................
.......#..........##.............
.......#..........##............#
.......#..........#.....##......#
.......#..........#.....##......#
.......#..........#.....##......#
.......####.............######'##


You could see 2 gnolls.

Vanquished Creatures
  A gnoll (D:2)
  An ooze (D:1)
  3 dart slugs (D:1)
  A leopard gecko (D:1)
  A ball python (D:1)
  4 bats (D:1)
  5 giant cockroaches (D:1)
  A goblin (D:1)
  2 hobgoblins (D:1)
  3 frilled lizards (D:1)
  3 kobolds (D:1)
  7 rats (D:1)
32 creatures vanquished.

Vanquished Creatures (others)
  5 toadstools (D:2)
5 creatures vanquished.

Grand Total: 37 creatures vanquished

Notes
Turn   | Place    | Note
-------+----------+-------------------------------------------
     0 | D:1      | TheAlmogaver the Gnoll Wizard began the quest for the Orb.
     0 | D:1      | Reached XP level 1. HP: 13/13 MP: 8/8
   115 | D:1      | Reached XP level 2. HP: 19/19 MP: 8/10
   680 | D:1      | Reached XP level 3. HP: 25/25 MP: 8/11
  1165 | D:1      | Reached skill level 1 in Invocations
  1334 | D:1      | Slain by a gnoll

Skill      XL: |  1  2  3 |
---------------+----------+-----
Conjurations   | 2 |  2.1
Summonings     | 2 |  2.1
Translocations | 2 |  2.1
Invocations    | 1 |  1.0
Fighting       | |  0.9
Short Blades   | |  0.9
Long Blades    | |  0.9
Axes           | |  0.9
Maces & Flails | |  0.9
Polearms       | |  0.9
Staves         | |  0.9
Slings         | |  0.9
Bows           | |  0.9
Crossbows      | |  0.9
Throwing       | |  0.9
Armour         | |  0.9
Dodging        | |  4.5
Stealth        | |  4.2
Shields        | |  0.9
Unarmed Combat | |  0.9
Spellcasting   | |  7.1
Hexes          | |  0.6
Charms         | |  0.6
Necromancy     | |  0.6
Transmutations | |  0.6
Fire Magic     | |  0.6
Ice Magic      | |  0.6
Air Magic      | |  0.6
Earth Magic    | |  0.6
Poison Magic   | |  0.6
Evocations     | |  0.9

Action                   || total
-------------------------++-------
 Cast: Magic Dart        ||    72
  Use: Scroll            ||     5
       Potion            ||     2
  Eat: Chunk             ||     1
Dodge: Dodged            ||    10
